 Dungeon Crawl Stone Soup version 0.29-a0-284-gf9362112df (webtiles) character file.

Game seed: 12043322097521127090

69 timneilson the Shield-Bearer (level 4, -2/28 HPs)
             Began as a Gargoyle Fighter on Mar 27, 2022.
             Slain by an orc
             ... wielding a +0 flail
              (3 damage)
             ... on level 3 of the Dungeon.
             The game lasted 00:02:31 (2161 turns).

timneilson the Shield-Bearer (Gargoyle Fighter)     Turns: 2161, Time: 00:02:33

Health: -2/28      AC: 15    Str: 21    XL:     4   Next: 20%
Magic:  0/4        EV:  9    Int:  9    God:
Gold:   138        SH:  4    Dex:  9    Spells: 3/3 levels left

rFire   . . .      SeeInvis .   a - +0 long sword (flame)
rCold   . . .      Faith    .   c - +0 buckler
rNeg    + . .      Spirit   +   b - +0 scale mail
rPois   ∞          Reflect  .   (no helmet)
rElec   +          Harm     .   k - +0 cloak
rCorr   .          Rampage  .   (no gloves)
Will    .....                   (no boots)
Stlth   ..........              l - amulet of guardian spirit
HPRegen 0.09/turn               j - +4 ring of protection
MPRegen 0.09/turn               (no ring)

@: no status effects
A: sickness immunity, AC +3, negative energy resistance 1, electricity
resistance, torment resistance 1, petrification resistance
a: no special abilities


You were on level 3 of the Dungeon.
You visited 1 branch of the dungeon, and saw 3 of its levels.

You collected 138 gold pieces.

Inventory:

Hand Weapons
 a - a +0 long sword of flaming (weapon)
Armour
 b - a +0 scale mail (worn)
 c - a +0 buckler (worn)
 k - a +0 cloak (worn)
Jewellery
 j - a +4 ring of protection (left hand)
 l - an amulet of guardian spirit (around neck)
Potions
 d - a potion of might
 e - a potion of curing {unknown}
 f - 2 potions of resistance {unknown}
 g - a potion of cancellation {unknown}
 h - 2 potions of lignification {unknown}


   Skills:
 + Level 3.5 Fighting
 * Level 2.6 Long Blades
 * Level 3.7 Armour
 + Level 0.8 Dodging
 * Level 3.9 Shields


You had 3 spell levels left.
You didn't know any spells.
Your spell library contained the following spells:

 Spells                   Type           Power      Damage    Failure   Level
 Sting                    Tmut/Pois      0%         1d3       80%         1
 Ozocubu's Armour         Ice            0%         N/A       99%         3
 Ozocubu's Refrigeration  Ice            0%         4d5       100%        7


Dungeon Overview and Level Annotations

Branches:
Dungeon (3/15)

Altars:


Innate Abilities, Weirdness & Mutations

You are immune to sickness and miasma.
Your stone body is resilient. (AC +3)
You are immune to poison.
You resist negative energy. (rN+)
You are resistant to electric shocks. (rElec)
You are resistant to unholy torment.
You are immune to petrification.


Message History

You feel less confused. The orc wizard closely misses you.
The orc hits you but does no damage. x2
You barely miss the orc wizard.
The orc wizard hits you but does no damage.
The orc completely misses you. The orc closely misses you.
You hit the orc wizard. You burn the orc wizard.
The orc wizard is moderately wounded.
The orc wizard points at you and mumbles some strange words.
You resist with some effort. The orc hits you but does no damage.
The orc hits you with a +2 war axe of electrocution.
You hit the orc wizard. You burn the orc wizard.
The orc wizard is heavily wounded.
The orc wizard points at you and mumbles some strange words.
The puff of flame hits you but does no damage.
The orc hits you but does no damage. The orc completely misses you.
The orc wizard hits you but does no damage.
The orc hits you with a +0 flail.
You hit the orc wizard. You burn the orc wizard.
The orc wizard is almost dead.
The orc wizard barely misses you. The orc barely misses you.
The orc hits you but does no damage.
You closely miss the orc wizard.
The orc wizard is almost dead.
The orc wizard closely misses you. You block the orc's attack. x2
You barely miss the orc wizard.
The orc wizard is almost dead.
The orc wizard gestures at you while chanting.
You resist with some effort. The orc barely misses you.
The orc hits you but does no damage. The orc hits you with a +0 flail.
The orc wizard points at you and mumbles some strange words.
The puff of flame hits you.
* * * LOW HITPOINT WARNING * * *
The orc hits you but does no damage.
You hit the orc wizard but do no damage.
The orc wizard is almost dead.
The orc wizard casts a spell at you. The magic dart hits you!
* * * LOW HITPOINT WARNING * * *
The orc hits you with a +0 flail.
You die...

. .. ... ....
############.....
#....<..ooo......
....####..@oog.....
# #.#####..... #..#
.... #.## .. #. #.
.. .#


You could see an orc wizard, 4 orcs and a hobgoblin.

Vanquished Creatures
  2 adders (D:2)
  A worm (D:2)
  A ball python (D:1)
  5 bats
  2 endoplasms (D:1)
  A giant cockroach (D:2)
  5 goblins
  5 hobgoblins
  8 jackals
  5 kobolds
  A quokka (D:2)
  4 frilled lizards (D:1)
  3 rats
43 creatures vanquished.

Notes
Turn   | Place    | Note
-------+----------+-------------------------------------------
     0 | D:1      | timneilson the Gargoyle Fighter began the quest for the
                  | Orb.
     0 | D:1      | Reached XP level 1. HP: 14/14 MP: 1/1
   318 | D:1      | Reached XP level 2. HP: 19/19 MP: 2/2
   678 | D:1      | You fall into a shaft and drop 1 floor!
   702 | D:2      | Reached XP level 3. HP: 15/23 MP: 3/3
  1214 | D:1      | Found a faded altar of an unknown god.
  1236 | D:1      | Got Plato's Grimoire of Shape Shifting
  1584 | D:2      | Reached XP level 4. HP: 25/28 MP: 4/4
  2161 | D:3      | HP: 1/28 [orc wizard/magic dart (7)]
  2161 | D:3      | Slain by an orc

Illustrated notes

Levels and vault maps discovered:
D:1:      psy_arrival_radial01, layout_loops_ring,
          shapermc_ecumenical_altar_rom_forum, serial_forest,
          infiniplex_forest_lined_room_2, infiniplex_forest_clump_curved,
          infiniplex_forest_lined_room_2, infiniplex_forest_lined_room_2
D:2:      layout_basic
D:3:      layout_rooms, minmay_ogre_servants

Skill      XL: |  1  2 |
---------------+-------+-----
Long Blades    | 2 |  2.6
Fighting       | |  3.5
Armour         | |  3.7
Dodging        | |  0.8
Shields        | |  3.9

Action                   |  1- 3 |  4- 6 || total
-------------------------+-------+-------++-------
Melee: Long sword        |   141 |    39 ||   180
  Use: Scroll            |     2 |     1 ||     3
Armor: Scale mail        |   125 |    33 ||   158
Dodge: Dodged            |    81 |    27 ||   108
Block: Buckler           |    47 |     8 ||    55

Table legend: (Time is in decaauts)
 A = Elapsed time spent in this place.
 B = Non-inter-level travel time spent in this place.
 C = Inter-level travel time spent in this place.
 D = Time resting spent in this place.
 E = Time spent auto-exploring this place.
 F = Levels seen in this place.
 G = Mean time per level.
                   A        B        C        D        E       F      G
               +--------+--------+--------+--------+--------+-----+--------+
         Total |   2218 |   2197 |     21 |      0 |   1749 |   3 |  739.3 |
       Dungeon |   2218 |   2197 |     21 |      0 |   1749 |   3 |  739.3 |
               +--------+--------+--------+--------+--------+-----+--------+

Top non-repeatable levels by time:
     D:1: 1241 daAuts
     D:2: 959 daAuts
     D:3: 17 daAuts
